 Dungeon Crawl Stone Soup version 0.30-a0-743-gbfdf073431 (webtiles) character file.

Game seed: 2571341060832066407

506712 BubbleThief the Pyromancer (level 24, -33/216 HPs)
             Began as a Yellow Draconian Conjurer on Feb 7, 2023.
             Was a High Priest of Sif Muna.
             Killed from afar by an ancient lich (85 damage)
             ... with a crystal spear
             ... on level 5 of the Vaults.
             The game lasted 02:47:25 (71871 turns).

BubbleThief the Pyromancer (DrCj)                  Turns: 71871, Time: 02:47:26

Health: -33/216    AC: 26    Str: 12    XL:     24   Next: 19%
Magic:  20/41      EV: 11    Int: 35    God:    Sif Muna [*****.]
Gold:   2953       SH: 14    Dex:  9    Spells: 8/52 levels left

rFire   + + +      SeeInvis .    R - +3 Elemental Staff {rElec rF++ rC++ AC+5}
rCold   + + .      Faith    .    N - +2 kite shield {rC+}
rNeg    + . .      Spirit   .    (body armour unavailable)
rPois   .          Reflect  .    r - +2 hat
rElec   +          Harm     .    y - +1 cloak {Stlth+}
rCorr   +          Rampage  .    B - +2 pair of gloves {Stlth+}
Will    ++++.      Clarity  +    Z - +1 pair of boots {Fly}
Stlth   ++++                     k - amulet of the Four Winds {rN+ Will+++ Clar}
HPRegen 0.56/turn                p - ring of fire
MPRegen 0.27/turn                z - +6 ring of intelligence

@: short of breath, flying
A: spit acid, AC +12, unfitting armour, acidic bite, cold-blooded, acid
resistance
}: 2/15 runes: serpentine, barnacled
a: Breathe Acid, Renounce Religion, Channel Magic, Forget Spell, Divine Exegesis


You were on level 5 of the Vaults.
You worshipped Sif Muna.
Sif Muna was extremely pleased with you.
You visited 9 branches of the dungeon, and saw 42 of its levels.
You visited 2 bazaars.
You also visited: Trove, Ossuary and Ice Cave.

You collected 7941 gold pieces.
You spent 4988 gold pieces at shops.

Inventory:

Hand Weapons
 R - the +3 Elemental Staff (weapon) {rElec rF++ rC++ AC+5}
   (You acquired it on level 3 of the Lair of Beasts)

   It enhances your fire, ice, earth and air magic.
   AC:        It affects your AC (+5).
   rF:        It greatly protects you from fire.
   rC:        It greatly protects you from cold.
   rElec:     It insulates you from electricity.
Missiles
 L - 4 throwing nets
Armour
 c - a +2 kite shield of protection
 r - a +2 hat (worn)
 y - a +1 cloak of stealth (worn)
 B - a +2 pair of gloves of stealth (worn)
 N - a +2 kite shield of cold resistance (worn)
 Z - a +1 pair of boots of flying (worn)
Jewellery
 k - the amulet of the Four Winds (around neck) {rN+ Will+++ Clar}
   (You bought it in a shop in a bazaar)

   [amulet of nothing]

   rN:        It protects you from negative energy.
   Clar:      It protects you against confusion.
   Will:      It greatly increases your willpower.
 p - a ring of fire (left hand)
 z - a +6 ring of intelligence (right hand)
 Q - a ring of poison resistance
 X - the amulet of the Air {Inacc Air Fly rElec RMsl}
   (You took it off a deep elf demonologist on level 3 of the Elven Halls)

   [amulet of nothing]

   Inacc:     It reduces the accuracy of your attacks and spells.
   Air:       It enhances your air magic.
   rElec:     It insulates you from electricity.
   Fly:       It grants you flight.
   RMsl:      It protects you from missiles.
Wands
 u - a wand of digging (1)
 C - a wand of iceblast (16)
 F - a wand of quicksilver (9)
 J - a wand of charming (14)
 K - a wand of mindburst (26)
Scrolls
 d - 4 scrolls of fear
 e - 33 scrolls of identify
 f - 17 scrolls of teleportation
 g - a scroll of amnesia
 i - 9 scrolls of fog
 n - 3 scrolls of silence
 s - 10 scrolls of magic mapping
 t - 10 scrolls of poison
 M - 8 scrolls of vulnerability
 O - 9 scrolls of enchant armour
 T - 4 scrolls of blinking
 U - a scroll of summoning
 W - a scroll of enchant weapon
Potions
 a - 3 potions of magic
 b - 19 potions of heal wounds
 h - 8 potions of might
 j - 7 potions of attraction
 l - 10 potions of haste
 m - 2 potions of berserk rage
 q - 11 potions of brilliance
 v - 5 potions of invisibility
 w - 11 potions of flight
 x - 15 potions of mutation
 A - 20 potions of curing
 D - 7 potions of resistance
 E - 10 potions of lignification
 H - 8 potions of cancellation
 I - 9 potions of ambrosia
Miscellaneous
 o - a condenser vane
 G - a phial of floods (inert)
 P - a phantom mirror
 V - a lightning rod (4/4)
 Y - a box of beasts (inert)


   Skills:
 + Level 17.9 Fighting
 - Level 12.0 Staves
 - Level 3.4 Dodging
 - Level 1.7 Stealth
 - Level 15.0 Shields
 + Level 14.7 Spellcasting
 + Level 20.3 Conjurations
 + Level 22.8 Fire Magic
 - Level 9.0 Invocations
 - Level 12.0 Evocations


You had 8 spell levels left.
You knew the following spells:

 Your Spells              Type           Power      Damage    Failure   Level
a - Fire Storm            Conj/Fire      79%        8d20      36%         9
b - Ignition              Fire           80%        3d21      1%          8
c - Sticky Flame          Conj/Fire      100%       2d11      0%          4
d - Freezing Cloud        Conj/Ice/Air   52%        6-21      4%          5
e - Starburst             Conj/Fire      79%        6d20      1%          6
f - Orb of Destruction    Conj           53%        9d13      1%          7
g - Arcjolt               Conj/Air       49%        1d59      1%          5

Your spell library contained the following spells:

 Spells                   Type           Power      Damage    Failure   Level
 Foxfire                  Conj/Fire      100%       2x1d9     0%          1
 Magic Dart               Conj           100%       1d8       0%          1
 Scorch                   Fire           100%       2d10      0%          2
 Searing Ray              Conj           100%       2d8       0%          2
 Flame Wave               Conj/Fire      100%       2d21      0%          4
 Fireball                 Conj/Fire      79%        3d29      0%          5
 Kiss of Death            Conj/Necr      100%       2d13      1%          1
 Shock                    Conj/Air       100%       1d9       1%          1
 Momentum Strike          Conj/Tloc      100%       3d10      1%          2
 Static Discharge         Conj/Air       100%       2-7/arc   1%          2
 Dazzling Flash           Conj/Hex       100%       N/A       1%          3
 Hailstorm                Conj/Ice       98%        3d19      1%          3
 Ignite Poison            Fire/Tmut/Pois 100%       N/A       1%          3
 Inner Flame              Hex/Fire       100%       N/A       1%          3
 Kindle Blastsparks       Fire/Tloc/Air  100%       2d18      1%          3
 Mephitic Cloud           Conj/Pois/Air  83%        N/A       1%          3
 Stone Arrow              Conj/Erth      100%       3d13      1%          3
 Fulminant Prism          Conj/Hex       38%        3d18      1%          4
 Iskenderun's Mystic Bla  Conj/Tloc      77%        2d15      1%          4
 Irradiate                Conj/Tmut      38%        3d24      1%          5
 Iskenderun's Battlesphe  Conj           100%       2d15      1%          5
 Lightning Bolt           Conj/Air       49%        1d69      1%          5
 Apportation              Tloc           50%        N/A       2%          1
 Beastly Appendage        Tmut           50%        N/A       2%          1
 Necrotise                Necr           100%       1d9       2%          1
 Sandblast                Erth           76%        2d16      2%          1
 Slow                     Hex            100%       N/A       2%          1
 Sting                    Tmut/Pois      100%       1d8       2%          1
 Summon Small Mammal      Summ           100%       N/A       2%          1
 Blink                    Tloc           50%        N/A       4%          2
 Cigotuvi's Dreadful Rot  Necr/Pois/Air  76%        N/A       4%          2
 Ensorcelled Hibernation  Hex/Ice        76%        N/A       4%          2
 Lesser Beckoning         Tloc           50%        N/A       4%          2
 Passwall                 Tmut/Erth      31%        N/A       4%          2
 Poisonous Vapours        Pois/Air       76%        N/A       4%          2
 Sublimation of Blood     Necr           25%        N/A       4%          2
 Wereblood                Tmut           25%        N/A       4%          2
 Conjure Ball Lightning   Conj/Air       49%        3x3d17    6%          6
 Iron Shot                Conj/Erth      49%        9d9       6%          6
 Call Canine Familiar     Summ           25%        N/A       8%          3
 Confusing Touch          Hex            25%        N/A       8%          3
 Frozen Ramparts          Ice            76%        1d12      8%          3
 Gell's Gravitas          Tloc           25%        N/A       8%          3
 Portal Projectile        Hex/Tloc       50%        N/A       8%          3
 Spider Form              Tmut/Pois      25%        N/A       8%          3
 Summon Guardian Golem    Hex/Summ       25%        N/A       8%          3
 Swiftness                Air            38%        N/A       8%          3
 Teleport Other           Tloc           25%        N/A       8%          3
 Tukima's Dance           Hex            25%        N/A       8%          3
 Vampiric Draining        Necr           25%        2d7       8%          3
 Vhi's Electric Charge    Tloc/Air       76%        N/A       8%          3
 Airstrike                Air            19%        2d(3-19)  26%         4
 Anguish                  Hex/Necr       12%        N/A       26%         4
 Cause Fear               Hex            12%        N/A       26%         4
 Dispel Undead            Necr           25%        3d12      26%         4
 Ice Form                 Ice/Tmut       38%        N/A       26%         4
 Leda's Liquefaction      Hex/Erth       19%        N/A       26%         4
 Manifold Assault         Tloc           25%        N/A       26%         4
 Passage of Golubria      Tloc           25%        N/A       26%         4
 Petrify                  Tmut/Erth      38%        N/A       26%         4
 Spellforged Servitor     Conj/Summ      38%        N/A       34%         7
 Agony                    Necr           25%        N/A       58%         5
 Alistair's Intoxication  Tmut/Pois      16%        N/A       58%         5
 Blade Hands              Tmut           12%        N/A       58%         5
 Borgnjor's Vile Clutch   Necr/Erth      19%        N/A       58%         5
 Lee's Rapid Deconstruct  Erth           19%        3d11*     58%         5
 Metabolic Englaciation   Hex/Ice        19%        N/A       58%         5
 Silence                  Hex/Air        19%        N/A       58%         5
 Summon Forest            Summ/Tloc      12%        N/A       58%         5
 Summon Mana Viper        Hex/Summ       25%        N/A       58%         5
 Lehudib's Crystal Spear  Conj/Erth      49%        10d12     95%         8
 Death Channel            Necr           12%        N/A       99%         6
 Dispersal                Tloc           12%        N/A       99%         6
 Eringya's Noxious Bog    Tmut/Pois      12%        N/A       99%         6
 Simulacrum               Ice/Necr       19%        N/A       99%         6
 Summon Cactus Giant      Summ           12%        N/A       99%         6
 Dragon Form              Tmut           12%        N/A       100%        7
 Haunt                    Necr/Summ      12%        N/A       100%        7
 Monstrous Menagerie      Summ           12%        N/A       100%        7
 Storm Form               Tmut/Air       19%        N/A       100%        7
 Borgnjor's Revivificati  Necr           12%        N/A       100%        8
 Discord                  Hex            12%        N/A       100%        8
 Disjunction              Tloc           12%        N/A       100%        8
 Necromutation            Tmut/Necr      12%        N/A       100%        8
 Summon Horrible Things   Summ           12%        N/A       100%        8
 Chain Lightning          Conj/Air       49%        3d65      100%        9
 Death's Door             Necr           12%        N/A       100%        9
 Shatter                  Erth           19%        3d17*     100%        9
 Animate Armour           Summ/Erth      Unusable   N/A       N/A         4

Dungeon Overview and Level Annotations

Branches:
Dungeon (15/15)            Temple (1/1) D:4            Lair (5/5) D:9
 Shoals (4/4) Lair:2        Snake (4/4) Lair:3        Slime (0/5) Lair:5
    Orc (2/2) D:12            Elf (3/3) Orc:2        Vaults (5/5) D:13
  Crypt (0/3) Vaults:2     Depths (3/4) D:15        Ossuary (visited)
  IceCv (visited)

Altars:
Cheibriados
Dithmenos
Elyvilon
Gozag
Hepliaklqana
Kikubaaqudgha
Makhleb
Okawaru
Ru
Sif Muna
Trog
Wu Jian
Xom
Yredelemnul
The Shining One
Jiyva

Shops:
D:3 (   D:8 [   D:12 (   Orc:1 [   Orc:2 *!?*   Elf:1 ?   Elf:2 ?   Elf:3 ((
Shoals:1 !   Snake:2 *   Vaults:1 (**   Vaults:2 *

Portals:
Hell: Depths:1 Depths:2 Depths:3
Abyss: Depths:1 Depths:3
Pandemonium: Depths:1 Depths:2

Annotations:
D:11 4 transporters
D:14 3 runed translucent doors, Aneyh's ghost, journeyman TeMo
Shoals:3 Dagosinu's ghost, adept DsFE
Elf:2 3 runed translucent doors
Depths:1 3 runed translucent doors, Gemnonof's ghost, adept DgCj
Depths:3 cheesebisquit's ghost, veteran MiBe


Innate Abilities, Weirdness & Mutations

You can spit globs of acid.
Your golden yellow scales are hard. (AC +12)
You cannot fit into any form of body armour.
You have acidic saliva.
You are cold-blooded and may be slowed by cold attacks.
You are resistant to acid. (rCorr)


Message History

The ancient lich resists.
The ancient lich is moderately damaged.
The ancient lich burns!
The ancient lich touches you but does no damage.
The fire giant hits you with a +2 great sword of flaming!
The fire giant burns you.
The ancient lich points at you and mumbles some strange words.
The crystal spear hits you!!!
* * * LOW HITPOINT WARNING * * *
Unknown command.
Unknown command.
Unknown command.
Casting: Starburst (safe; 1% risk of failure)
Confirm with . or Enter, or press ? or * to list all spells.
Casting: Starburst (safe; 1% risk of failure)
Press: ? - help, Dir - look around, f - activate You feel a strong surge of power!
The bolt of fire hits the fire giant!
The fire giant resists.
You kill the fire giant!
Sif Muna accepts your kill.
The bolt of fire hits the ancient lich!!
The ancient lich resists.
The ancient lich is heavily damaged.
The ancient lich burns!
You block the ancient lich's attack.
Your life force feels restored.
Unknown command.
Unknown command.
Unknown command.
Aim the phial where?
Press: ? - help, Shift-Dir - straight line, f - ancient lich
Aim: an ancient lich (heavily damaged, fast, slightly transparent, covered in liquid flames, ally target)
The torrent of water hits the ancient lich!
The wave splashes down.
Your juvenile shockbat beast is engulfed in water.
You hear a shout! x2; You hear a horrible gurgling sound!
You hear a shout! x13
Something touches you but does no damage.
You hear some strange, mumbled words.
A crystal spear appears from out of thin air!
The crystal spear hits you!!!!
You die...

########.)[[([..#####
..............[......
........[..<<).[.....
.......[[.<.[<.[[....
........[..<<[?[.....
########.[....[...###
#.#....[[~....#
#)#.#~H[!....#
#.#)##@{[~###)[..
##.#.#~~รท.# .... ##
##..~.# ... #....# ..
#....# #....# #....#
#....#


You could see a friendly juvenile shockbat beast (summoned, unsilenced,
waterlogged).

Vanquished Creatures
  2 dread liches
  2 ancient liches
  Mennas (Vaults:2)
  Sojobo (Vaults:2)
  Vashnia (Snake:2)
  A golden dragon (Depths:2)
  the Enchantress (Depths:1)
  2 tentacled monstrosities
  Jorgrun (Orc:2)
  3 hellephants (Depths:3)
  Asterion (Snake:1)
  2 walking crystal tomes
  A walking divine tome (Depths:2)
  3 liches
  3 titans
  A quicksilver dragon (Depths:3)
  2 deep elf blademasters (Elf:3)
  A deep elf master archer (Elf:3)
  Polyphemus (Shoals:3)
  A sphinx (Vaults:5)
  2 thorn hunters (Snake:3)
  5 shadow dragons
  Frances (Snake:1)
  Kirke (Snake:4)
  5 tengu reavers
  Donald (Snake:1)
  3 storm dragons
  2 nagarajas
  3 fire giants
  5 deep elf sorcerers (Elf:3)
  4 frost giants
  2 deep elf elementalists (Elf:3)
  2 iron dragons
  Louise (Elf:3)
  A caustic shrike zombie (Depths:3)
  17 vault wardens
  7 spriggan defenders
  An orc warlord (Vaults:1)
  12 very ugly things
  2 war gargoyles
  14 stone giants
  4 vampire knights
  22 ironbound preservers
  7 ironbound thunderhulks
  7 deep elf demonologists
  Azrael (Orc:2)
  4 spark wasps (Depths:1)
  4 deep elf annihilators (Elf:3)
  4 dire elephants (Vaults:3)
  5 deep elf death magi
  7 ettins
  The ghost of SirDiesAlot the Prestidigitator, a journeyman DsAr of Okawaru (Orc:1)
  6 fire dragons
  2 crystal guardians (Vaults:4)
  A blizzard demon (Depths:1)
  13 yaktaur captains
  8 merfolk impalers
  4 entropy weavers
  3 jiangshi (Depths:1)
  Josephine (D:12)
  Fannar (Lair:1)
  2 merfolk javelineers
  2 great orbs of eyes (Vaults:4)
  7 deep elf high priests
  An entropy weaver (shapeshifter) (D:15)
  10 hydras
  5 rakshasas (Depths:2)
  2 merfolk avatars
  A salamander tyrant (Snake:4)
  2 spriggan air magi
  Erolcha (Orc:2)
  36 vault guards
  An ironbound frostheart (Vaults:2)
  10 ice dragons
  2 peacekeepers (Vaults:4)
  5 boulder beetles
  Erica (Lair:1)
  11 anacondas
  6 ogre magi
  3 satyrs
  19 dancing weapons
  2 catoblepae
  2 merfolk aquamancers
  19 two-headed ogres
  An alligator (shapeshifter) (Depths:2)
  10 tengu warriors
  2 alligators (Snake:3)
  2 centaur warriors
  4 hell hogs (Depths:3)
  6 death yaks
  4 deep troll shamans
  2 vampire magi
  17 naga warriors
  5 deep troll earth magi
  14 deep elf knights
  A spriggan berserker (Depths:2)
  2 soul eaters (Depths:3)
  5 shock serpents
  18 naga sharpshooters
  5 hell knights (Vaults:4)
  8 salamander mystics (Snake:4)
  A goliath frog (shapeshifter) (D:14)
  A fire crab (Lair:5)
  5 iron trolls
  15 skeletal warriors
  3 shadow wraiths
  53 deep trolls
  11 sea snakes
  4 glowing orange brains
  6 naga ritualists
  A glowing orange brain (shapeshifter) (Vaults:2)
  3 swamp dragons
  2 flayed ghosts
  17 ironbound convokers
  A kraken simulacrum (Shoals:4)
  3 wizards
  A phantasmal warrior (Vaults:2)
  9 lindwurms
  6 necromancers
  13 deep elf archers
  A golden dragon zombie (Depths:3)
  32 harpies
  A wolf spider (D:15)
  7 orc knights
  2 oklob plants (Lair:5)
  34 deep elf pyromancers
  21 deep elf zephyrmancers
  10 mana vipers
  2 orc sorcerers
  8 fauns
  A tengu skeleton (Vaults:1)
  21 salamanders
  20 manticores
  A faun (shapeshifter) (D:13)
  26 ugly things
  A cyclops (shapeshifter) (Elf:1)
  10 cyclopes
  A guardian serpent (shapeshifter) (Vaults:5)
  10 merfolk sirens
  8 guardian serpents
  13 elephants
  An ice statue (IceCv)
  46 black mambas
  A smoke demon (Depths:1)
  7 water nymphs
  A torpor snail (Lair:4)
  2 orange demons (Depths:1)
  20 naga magi
  6 cane toads
  2 molten gargoyles (Lair:5)
  14 vault sentinels
  6 rime drakes
  2 gargoyles (D:12)
  5 unseen horrors
  2 yaktaurs (shapeshifter)
  A freezing wraith (Vaults:1)
  17 yaktaurs
  3 kobold demonologists (D:12)
  10 komodo dragons
  A merfolk (shapeshifter) (D:13)
  2 tengu conjurers (Depths:3)
  13 polar bears
  A queen bee (Lair:4)
  14 trolls
  3 meliai (Lair:4)
  28 merfolk
  9 wind drakes
  Prince Ribbit (D:7)
  2 tyrant leeches (Snake:3)
  4 hornets
  8 snapping turtles
  30 blink frogs
  A dream sheep (shapeshifter) (Vaults:5)
  13 dream sheep
  32 slime creatures
  A jumping spider (Vaults:3)
  8 air elementals
  A spriggan (shapeshifter) (D:14)
  A vampire (D:13)
  4 spriggans
  7 wyverns
  4 large abominations (Depths:1)
  6 wraiths
  13 water elementals
  Grum (Lair:1)
  3 fire elementals
  A redback (shapeshifter) (Vaults:5)
  4 hogs (Snake:4)
  A chaos spawn (Depths:1)
  A neqoxec (Depths:1)
  12 vampire mosquitoes
  55 yaks
  5 basilisks
  8 small abominations (Depths:1)
  Menkaure (D:7)
  A yaktaur simulacrum (Vaults:1)
  8 redbacks
  4 steam dragons
  39 nagas
  4 wargs
  3 swamp worms (Snake:3)
  An acid dragon (D:8)
  13 water moccasins
  8 hell hounds
  A floating eye (shapeshifter) (D:14)
  2 floating eyes
  2 swamp drakes (Snake:3)
  21 orc warriors
  3 black bears
  28 ogres
  28 wolves
  14 centaurs
  A phantom (D:6)
  6 kobold brigands
  13 bullfrogs
  2 gnoll sergeants
  3 necrophages
  A wyvern zombie (D:8)
  A human skeleton (Vaults:1)
  A scorpion (D:4)
  4 wights (D:8)
  23 killer bees (Lair:4)
  An electric eel (Lair:4)
  5 howler monkeys
  5 lava snakes (Lair:5)
  2 bullfrog zombies (Ossuary)
  4 centaur zombies
  A jelly (D:7)
  3 human zombies
  19 orc priests
  3 iguanas
  23 orc wizards
  A scorpion zombie (Ossuary)
  A killer bee zombie (D:8)
  2 ogre zombies (Ossuary)
  3 mummies
  9 adders
  6 gnolls
  A shadow imp (D:6)
  12 white imps (Lair:3)
  An ufetubus (D:6)
  2 adder zombies (Ossuary)
  4 worms
  2 dart slugs
  63 orcs
  5 ball pythons
  3 bats
  10 endoplasms
  6 giant cockroaches (D:1)
  2 gnoll zombies (Ossuary)
  5 goblins
  9 hobgoblins
  8 jackals
  26 kobolds
  6 quokkas
  2 frilled lizards
  3 goblin zombies (Ossuary)
  4 hobgoblin zombies (Ossuary)
  A kobold zombie (D:7)
  3 orc zombies
  3 rats (D:1)
  3 bushes (Lair:5)
1820 creatures vanquished.

Vanquished Creatures (collateral kills)
  A tentacled monstrosity (Vaults:4)
  A deep elf blademaster (Elf:3)
  The ghost of boo the Spry, an adept TeGl of Okawaru (Vaults:1)
  A storm dragon (Depths:3)
  A fire giant (Depths:3)
  A frost giant (Depths:2)
  2 deep elf sorcerers (Elf:3)
  A very ugly thing (Depths:3)
  A deep elf demonologist (Elf:3)
  2 deep elf annihilators (Elf:3)
  A merfolk impaler (Shoals:4)
  A fire dragon (Depths:1)
  A rakshasa (Depths:1)
  A hell hog (Depths:2)
  A tengu warrior (Depths:2)
  2 hell knights (Vaults:4)
  A wizard (Vaults:4)
  An obsidian statue (Vaults:1)
  A harpy (Vaults:2)
  A deep elf zephyrmancer (Elf:3)
  2 merfolk (Shoals:4)
  A fire elemental (Elf:1)
  A floating eye (shapeshifter) (Elf:3)
27 creatures vanquished.

Vanquished Creatures (others)
  A tengu reaver (Vaults:2)
  A black mamba (Snake:2)
  A gargoyle (D:12)
  2 humans (Snake:4)
  An orc wizard (D:4)
  An orc (D:9)
  19 fungi
  134 plants
160 creatures vanquished.

Grand Total: 2007 creatures vanquished

Notes
Turn   | Place    | Note
-------+----------+-------------------------------------------
     0 | D:1      | BubbleThief the Draconian Conjurer began the quest for the
                  | Orb.
     0 | D:1      | Reached XP level 1. HP: 14/14 MP: 3/3
   339 | D:1      | Reached XP level 2. HP: 17/20 MP: 0/5
   966 | D:1      | Reached XP level 3. HP: 26/26 MP: 1/7
  1108 | D:1      | Learned a level 2 spell: Searing Ray
  1309 | D:1      | Found a faded altar of an unknown god.
  2299 | D:2      | Reached XP level 4. HP: 33/33 MP: 1/8
  2815 | D:3      | Reached skill level 5 in Conjurations
  3020 | D:3      | Identified the +5 hand axe of the Heart {drain, rPois
                  | Str+4}
  3168 | D:3      | Found Eheitonoi's Antique Weapon Boutique.
  3375 | D:3      | Found a snail-covered altar of Cheibriados.
  3544 | D:4      | Found an iron altar of Okawaru.
  3574 | D:4      | Reached XP level 5. HP: 16/38 MP: 1/10
  3670 | D:4      | Found an opulent altar of Gozag.
  3802 | D:4      | Noticed an ogre
  3809 | D:4      | Killed an ogre
  3934 | D:4      | Reached XP level 6. HP: 40/45 MP: 10/12
  3964 | D:4      | Found a burning altar of Makhleb.
  4086 | D:4      | Found a staircase to the Ecumenical Temple.
  4114 | Temple   | Entered the Ecumenical Temple
  4199 | Temple   | Became a worshipper of Sif Muna the Loreminder
  4899 | D:5      | Entered Level 5 of the Dungeon
  4935 | D:5      | Reached skill level 5 in Spellcasting
  5042 | D:5      | Your scales start taking on a golden yellow colour.
  5042 | D:5      | Reached XP level 7. HP: 46/50 MP: 4/14
  5042 | D:5      | Gained mutation: You are resistant to acid. (rCorr) [Yellow
                  | Draconian growth]
  5124 | D:5      | Found a glowing golden altar of the Shining One.
  5404 | D:5      | Reached skill level 1 in Fighting
  5481 | D:5      | Reached * piety under Sif Muna
  6379 | D:6      | Reached XP level 8. HP: 50/63 MP: 6/17
  6726 | D:6      | Found an ornate altar of the Wu Jian Council.
  6779 | D:7      | Noticed Prince Ribbit
  6784 | D:7      | Killed Prince Ribbit
  6867 | D:7      | Found a flagged portal.
  7018 | D:7      | Identified the ring of Sexoriu {rCorr EV+5 Int-5 Dex+3
                  | Stlth+}
  7063 | D:7      | Reached skill level 5 in Fighting
  7216 | D:7      | Noticed Menkaure
  7223 | D:7      | Killed Menkaure
  7266 | D:7      | Found a sand-covered staircase.
  7273 | Ossuary  | Entered an ossuary
  7568 | Ossuary  | Reached ** piety under Sif Muna
  7640 | Ossuary  | Reached XP level 9. HP: 74/75 MP: 12/18
  7682 | Ossuary  | Reached skill level 1 in Staves
  7682 | Ossuary  | Reached skill level 1 in Evocations
  7820 | Ossuary  | Noticed a silent spectre
  8070 | D:7      | Learned a level 4 spell: Sticky Flame
  8441 | D:8      | Reached skill level 1 in Fire Magic
  8647 | D:8      | Reached skill level 2 in Fire Magic
  9158 | D:8      | Found an ancient bone altar of Kikubaaqudgha.
  9163 | D:8      | Reached *** piety under Sif Muna
  9214 | D:8      | Reached skill level 3 in Fire Magic
  9481 | D:8      | Found Fuogy's Armour Emporium.
  9898 | D:9      | Got the Precepts of Red Silt
 10017 | D:9      | Noticed a two-headed ogre
 10023 | D:9      | Killed a two-headed ogre
 10024 | D:9      | Reached XP level 10. HP: 63/86 MP: 6/19
 10468 | D:9      | Reached skill level 4 in Fire Magic
 10491 | D:10     | Entered Level 10 of the Dungeon
 10887 | D:10     | Found a white marble altar of Elyvilon.
 10900 | D:10     | Reached skill level 5 in Staves
 10900 | D:10     | Reached skill level 5 in Evocations
 11135 | D:10     | Identified the +5 short sword of Uncomfortable Rashes
                  | {freeze, rF+ rC+ Int+3}
 11182 | D:9      | Paralysed by a hornet for 3 turns
 11297 | D:9      | Noticed a skeletal warrior
 11297 | D:9      | Noticed a skeletal warrior
 11595 | D:10     | Reached skill level 5 in Fire Magic
 11829 | D:10     | Learned a level 4 spell: Flame Wave
 12632 | D:11     | Found a transporter.
 12735 | D:11     | Found a transporter.
 12737 | D:11     | Found a transporter.
 12739 | D:11     | Found a transporter.
 12978 | D:11     | Noticed a two-headed ogre
 12987 | D:11     | Killed a two-headed ogre
 13088 | D:11     | Noticed a cyclops
 13095 | D:11     | Reached XP level 11. HP: 81/97 MP: 14/21
 13096 | D:11     | Reached **** piety under Sif Muna
 13107 | D:11     | Reached skill level 6 in Fire Magic
 13961 | D:12     | Found Qitzaaz's Weapon Emporium.
 13963 | D:12     | Found a staircase to the Orcish Mines.
 14115 | D:12     | Noticed Josephine
 14514 | D:12     | Noticed a deep elf pyromancer
 14515 | D:12     | Noticed a deep elf pyromancer
 14520 | D:12     | Killed a deep elf pyromancer
 14523 | D:12     | Killed Josephine
 14524 | D:12     | Reached skill level 10 in Fighting
 14524 | D:12     | Reached skill level 7 in Fire Magic
 14956 | D:9      | Noticed a two-headed ogre
 14963 | D:9      | Killed a two-headed ogre
 15065 | D:9      | Found a staircase to the Lair.
 15095 | Lair:1   | Entered Level 1 of the Lair of Beasts
 15107 | Lair:1   | Reached XP level 12. HP: 87/106 MP: 7/23
 15490 | Lair:1   | Noticed Grum
 15500 | Lair:1   | Killed Grum
 15500 | Lair:1   | Reached ***** piety under Sif Muna
 16010 | Lair:1   | Noticed Erica
 16016 | Lair:1   | Killed Erica
 16017 | Lair:1   | Reached skill level 8 in Fire Magic
 16291 | Lair:1   | Noticed Fannar
 16299 | Lair:1   | Killed Fannar
 16518 | Lair:2   | Received a gift from Sif Muna
 16813 | Lair:2   | Found a staircase to the Shoals.
 17273 | Lair:2   | Identified the +6 arbalest of Red Wine {penet, Int+3}
 17803 | Lair:3   | Noticed a five-headed hydra
 17808 | Lair:3   | Killed a five-headed hydra
 17810 | Lair:3   | Identified a scroll of acquirement
 17810 | Lair:3   | Acquired the +3 Elemental Staff {rElec rF++ rC++ AC+5}
 17810 | Lair:3   | Found the +3 Elemental Staff {rElec rF++ rC++ AC+5}
 18061 | Lair:3   | Reached XP level 13. HP: 75/116 MP: 2/26
 18274 | Lair:3   | Reached skill level 9 in Fire Magic
 18277 | Lair:3   | Found a frozen archway.
 18317 | IceCv    | Entered an ice cave
 18796 | IceCv    | Received a gift from Sif Muna
 19160 | IceCv    | Noticed a frost giant
 19170 | IceCv    | Killed a frost giant
 19438 | IceCv    | Reached skill level 10 in Staves
 19823 | Lair:3   | Reached skill level 10 in Evocations
 19847 | Lair:3   | Reached skill level 10 in Spellcasting
 20033 | Lair:3   | Reached skill level 10 in Fire Magic
 20093 | Lair:3   | Found a staircase to the Snake Pit.
 20975 | Lair:4   | Received a gift from Sif Muna
 21105 | Lair:4   | Gained mutation: You have acidic saliva. [Yellow Draconian
                  | growth]
 21105 | Lair:4   | Reached XP level 14. HP: 68/126 MP: 11/28
 22165 | Lair:5   | Entered Level 5 of the Lair of Beasts
 22407 | Lair:5   | Reached skill level 11 in Fire Magic
 22806 | Lair:5   | Received a gift from Sif Muna
 22939 | Lair:5   | Got Zanutyox's Anthology of Command and Portals {god gift}
 23088 | Lair:5   | Found a viscous altar of Jiyva.
 23088 | Lair:5   | Found a staircase to the Slime Pits.
 23245 | Lair:5   | Identified the +0 trident "Quwasog" {flame, rCorr Str+3}
 23500 | Lair:5   | Found a large runed translucent door.
 23500 | Lair:5   | Found a large runed translucent door.
 24518 | D:9      | Reached skill level 12 in Fire Magic
 25052 | D:12     | Learned a level 8 spell: Ignition
 25057 | Orc:1    | Entered Level 1 of the Orcish Mines
 25124 | Orc:1    | Found a transporter.
 25203 | Orc:1    | Noticed SirDiesAlot's ghost (journeyman DsAr)
 25432 | Orc:1    | Found a transporter.
 25504 | Orc:1    | Killed SirDiesAlot's ghost
 25505 | Orc:1    | Reached XP level 15. HP: 103/132 MP: 14/31
 25625 | Orc:2    | Entered Level 2 of the Orcish Mines
 25633 | Orc:2    | Noticed Azrael
 25635 | Orc:2    | Received a gift from Sif Muna
 25640 | Orc:2    | Killed Azrael
 25641 | Orc:2    | Reached skill level 13 in Fire Magic
 25685 | Orc:2    | Found a flickering gateway to a bazaar.
 25697 | Bazaar   | Entered a bazaar
 25810 | Bazaar   | Found Este's Assorted Antiques.
 25810 | Bazaar   | Found Lenecw's Jewellery Emporium.
 25832 | Bazaar   | Found Yxkeck's Weapon Shoppe.
 25832 | Bazaar   | Found Qualaogy's Magic Scroll Emporium.
 25854 | Bazaar   | Found Komoet's Distillery.
 25854 | Bazaar   | Found Muro's Jewellery Emporium.
 25925 | Bazaar   | Bought the amulet of the Four Winds {rN+ Will+++ Clar} for
                  | 789 gold pieces
 25925 | Bazaar   | Found the amulet of the Four Winds {rN+ Will+++ Clar}
 25944 | Bazaar   | Bought a potion of curing for 108 gold pieces
 25958 | Bazaar   | Bought a scroll of teleportation for 36 gold pieces
 25984 | Bazaar   | Bought a potion of haste for 160 gold pieces
 25984 | Bazaar   | Bought a potion of resistance for 160 gold pieces
 25984 | Bazaar   | Bought a potion of haste for 160 gold pieces
 25984 | Bazaar   | Bought a potion of resistance for 160 gold pieces
 25984 | Bazaar   | Bought 2 potions of magic for 256 gold pieces
 25984 | Bazaar   | Bought a potion of cancellation for 128 gold pieces
 25984 | Bazaar   | Bought a potion of brilliance for 64 gold pieces
 26186 | Orc:2    | Found a staircase to the Elven Halls.
 26188 | Orc:2    | Noticed Erolcha
 26223 | Orc:2    | Killed Erolcha
 26224 | Orc:2    | Reached skill level 14 in Fire Magic
 26233 | Orc:1    | Found Ciq Lepe's Antique Armour Shop.
 26433 | Orc:1    | Bought a pair of runed gloves for 232 gold pieces
 26609 | Orc:2    | Received a gift from Sif Muna
 26772 | Orc:2    | Learned a level 5 spell: Fireball
 26796 | Orc:2    | Found Vaicaj's Magic Scroll Boutique.
 26796 | Orc:2    | Found Doitakur's General Store.
 26796 | Orc:2    | Found Qileejeyge's General Store.
 26796 | Orc:2    | Found Lotuoj's Distillery.
 26820 | Orc:2    | Noticed Jorgrun
 26844 | Orc:2    | Killed Jorgrun
 26845 | Orc:2    | Reached skill level 15 in Fire Magic
 27268 | Orc:2    | Bought a potion of heal wounds for 80 gold pieces
 27268 | Orc:2    | Bought a potion of mutation for 128 gold pieces
 27269 | Orc:2    | Bought a scroll of teleportation for 39 gold pieces
 27269 | Orc:2    | Bought a scroll of teleportation for 39 gold pieces
 27271 | Orc:2    | Bought a potion of brilliance for 52 gold pieces
 27272 | Orc:2    | Bought a scroll of fog for 56 gold pieces
 28124 | D:13     | Reached skill level 16 in Fire Magic
 28240 | D:13     | Received a gift from Sif Muna
 28243 | D:13     | Got Sif Muna's Directory of the Hazy Escort {god gift}
 28484 | D:13     | Found a gate to the Vaults.
 28812 | D:14     | Got Godist's Grimoire of Amassed Putridity
 29345 | D:14     | Found a runed translucent gate.
 29345 | D:14     | Found a runed translucent gate.
 29346 | D:14     | Found a runed translucent gate.
 29474 | D:14     | Found a runed translucent gate.
 29474 | D:14     | Found a runed translucent gate.
 29481 | D:14     | Found a runed translucent gate.
 29481 | D:14     | Noticed Aneyh's ghost (journeyman TeMo)
 29840 | D:15     | Entered Level 15 of the Dungeon
 29840 | D:15     | Found a flickering gateway to a bazaar.
 29847 | Bazaar   | Entered a bazaar
 29847 | Bazaar   | Found Fuuz's Antique Armour Shoppe.
 29847 | Bazaar   | Found Huuj's Armour Emporium.
 29849 | Bazaar   | Found Azalo's Antique Armour Shoppe.
 29865 | Bazaar   | Found Sybiar's Jewellery Emporium.
 29887 | Bazaar   | Bought an embroidered cloak for 127 gold pieces
 30002 | D:15     | Reached skill level 17 in Fire Magic
 30002 | D:15     | Reached XP level 16. HP: 139/139 MP: 32/32
 30824 | D:15     | Found a staircase to the Depths.
 31043 | Snake:1  | Entered Level 1 of the Snake Pit
 31043 | Snake:1  | Found a hazy altar of Hepliaklqana.
 31233 | Snake:1  | Noticed Frances
 31241 | Snake:1  | Killed Frances
 31366 | Snake:1  | Reached skill level 18 in Fire Magic
 31889 | Snake:1  | Reached skill level 1 in Shields
 32212 | Snake:1  | Noticed Donald
 32222 | Snake:1  | Killed Donald
 32438 | Snake:1  | Found a burning altar of Makhleb.
 32810 | Snake:1  | Noticed Asterion
 32816 | Snake:1  | Killed Asterion
 32817 | Snake:1  | Reached skill level 5 in Shields
 33272 | Snake:1  | Acquired 1324 gold pieces
 33295 | Snake:2  | Received a gift from Sif Muna
 33310 | Snake:2  | Learned a level 6 spell: Starburst
 33484 | Snake:2  | Noticed Vashnia
 33491 | Snake:2  | Killed Vashnia
 33856 | Snake:2  | Found Yxkasor's Assorted Antiques.
 33863 | Snake:2  | Bought a pair of runed gloves for 165 gold pieces
 33863 | Snake:2  | Bought a potion of curing for 66 gold pieces
 33863 | Snake:2  | Bought 2 potions of resistance for 440 gold pieces
 34190 | Snake:2  | You fall into a shaft and drop 1 floor!
 34212 | Snake:3  | Noticed a thorn hunter
 34215 | Snake:3  | Noticed a thorn hunter
 34216 | Snake:3  | Noticed a tentacled monstrosity
 34217 | Snake:4  | Entered Level 4 of the Snake Pit
 34217 | Snake:4  | Noticed Kirke
 34249 | Snake:4  | Killed Kirke
 34250 | Snake:4  | Reached skill level 1 in Invocations
 34816 | Snake:4  | Reached XP level 17. HP: 133/146 MP: 18/33
 35258 | Snake:3  | Killed a tentacled monstrosity
 35259 | Snake:3  | Reached skill level 10 in Shields
 35280 | Snake:3  | Reached skill level 5 in Invocations
 35549 | Snake:3  | Received a gift from Sif Muna
 36957 | Snake:3  | Identified the +3 spear of Ifomiocw {flame, rC+ Str+2
                  | Dex+4}
 37762 | Snake:4  | Received a gift from Sif Muna
 37763 | Snake:4  | Got Sif Muna's Precepts of the Discharge {god gift}
 38329 | Shoals:1 | Entered Level 1 of the Shoals
 38960 | Shoals:1 | Identified the +8 rapier "Fuheebb" {holy, rCorr}
 38962 | Shoals:1 | Reached ****** piety under Sif Muna
 38962 | Shoals:1 | Received a gift from Sif Muna
 39179 | Shoals:1 | Got Sif Muna's Incunabulum of Flames {god gift}
 39466 | Shoals:1 | Found Nauj's Distillery.
 39471 | Shoals:1 | Bought 2 potions of mutation for 256 gold pieces
 39471 | Shoals:1 | Bought a potion of heal wounds for 80 gold pieces
 39471 | Shoals:1 | Bought a potion of heal wounds for 80 gold pieces
 39471 | Shoals:1 | Bought a potion of curing for 48 gold pieces
 39885 | Shoals:2 | You fall into a shaft and drop 1 floor!
 39885 | Shoals:3 | Noticed Dagosinu's ghost (adept DsFE)
 39885 | Shoals:3 | Found a runed translucent door.
 39885 | Shoals:3 | Found a shimmering altar of Xom.
 39888 | Shoals:3 | Noticed Polyphemus
 40331 | Shoals:3 | Reached XP level 18. HP: 146/157 MP: 15/34
 40957 | Shoals:3 | Killed Polyphemus
 41409 | Shoals:3 | Reached XP level 19. HP: 167/167 MP: 35/35
 41590 | Shoals:4 | Entered Level 4 of the Shoals
 41593 | Shoals:4 | Reached skill level 19 in Fire Magic
 41954 | Shoals:4 | Identified the +9 dagger of Floods {flame, Str+2}
 42621 | Shoals:4 | Identified the +1 scale mail "Tacarrik" {rPois}
 42821 | Shoals:4 | Received a gift from Sif Muna
 42822 | Shoals:4 | Got Sif Muna's Compendium of the Spatial Curse {god gift}
 42910 | Shoals:4 | Reached skill level 15 in Fighting
 43937 | Shoals:4 | Got a barnacled rune of Zot
 43976 | Shoals:4 | Reached skill level 20 in Fire Magic
 44720 | Vaults:1 | Entered Level 1 of the Vaults
 45028 | Vaults:1 | Found Zukavuu's Antique Weapon Shop.
 45415 | Vaults:1 | Received a gift from Sif Muna
 45547 | Vaults:1 | Got Puje's Catalogue of the Niveous Storm {god gift}
 46172 | Vaults:1 | Reached skill level 21 in Fire Magic
 46463 | Vaults:1 | Found a runed translucent gate.
 46463 | Vaults:1 | Found a runed translucent gate.
 46463 | Vaults:1 | Found an opulent altar of Gozag.
 46463 | Vaults:1 | Found a runed translucent gate.
 46465 | Vaults:1 | Found Kanaiq's Assorted Antiques.
 46465 | Vaults:1 | Found Miheop's Assorted Antiques.
 46465 | Vaults:1 | Noticed boo's ghost (adept TeGl)
 46678 | Vaults:2 | You fall into a shaft and drop 1 floor!
 46926 | Vaults:2 | Reached XP level 20. HP: 178/178 MP: 14/36
 47315 | Vaults:2 | Found Gapsoned's Assorted Antiques.
 47342 | Vaults:2 | Reached skill level 10 in Conjurations
 47342 | Vaults:2 | Noticed Mennas
 47351 | Vaults:2 | Killed Mennas
 47644 | Vaults:2 | Noticed Sojobo
 47661 | Vaults:2 | Killed Sojobo
 48196 | Vaults:2 | Bought a scroll of teleportation for 93 gold pieces
 48196 | Vaults:2 | Bought a scroll of blinking for 232 gold pieces
 48646 | Vaults:2 | Received a gift from Sif Muna
 48649 | Vaults:2 | Got Sif Muna's Lectures on Hexes and the Figure {god gift}
 48759 | Vaults:2 | Found a staircase to the Crypt.
 48759 | Vaults:2 | Found a basalt altar of Yredelemnul.
 48759 | Vaults:2 | Found an ancient bone altar of Kikubaaqudgha.
 50866 | Vaults:4 | Received a gift from Sif Muna
 50869 | Vaults:4 | Got Sif Muna's Spellbook of Ignition and Nightshade {god
                  | gift}
 51052 | Vaults:4 | Identified the +6 chain mail "Ewuofoysh" {rN+ rCorr Stlth+}
 51384 | Vaults:4 | Reached skill level 15 in Conjurations
 51942 | Vaults:4 | Found a portal to a secret trove of treasure.
 52040 | Vaults:4 | Reached XP level 21. HP: 179/184 MP: 30/37
 53152 | Vaults:5 | Entered Level 5 of the Vaults
 53153 | Vaults:5 | Received a gift from Sif Muna
 53155 | Vaults:5 | Got Sif Muna's Lessons on the Feathery Blaze {god gift}
 53160 | Vaults:5 | Noticed an ancient lich
 53299 | Vaults:5 | Noticed a dread lich
 53302 | Vaults:5 | Killed a dread lich
 53302 | Vaults:5 | Noticed a dread lich
 54629 | Vaults:4 | You paid a toll of a +6 demon trident to enter a treasure
                  | trove
 54630 | Trove    | Entered a treasure trove
 54639 | Trove    | Identified the +6 dagger of Sloth {elec, rC+ MP+9 Str-5
                  | SInv}
 54640 | Trove    | Identified the +5 mace "Voideoq" {elec, rN+ Will+ Dex-4
                  | Stlth+}
 54641 | Trove    | Identified the +2 short sword "Joahul" {elec, rF+}
 54648 | Trove    | Identified the +4 mace of Lexeguz {holy, rElec}
 54651 | Trove    | Identified the +9 dagger of the Arena {holy, rN+ MP+9}
 54658 | Trove    | Identified the +8 dagger "Hior Nai" {pain, Dex+5}
 54660 | Trove    | Identified the +8 whip "Zougir" {pain, *Slow Fly rF+
                  | Will++}
 54671 | Trove    | Identified the +1 hand axe of Riefiex {heavy, Contam rElec
                  | rN++ Str+3}
 54876 | Depths:1 | Entered Level 1 of the Depths
 54895 | Depths:1 | Noticed the Enchantress
 54898 | Depths:1 | Killed the Enchantress
 55634 | Depths:1 | Received a gift from Sif Muna
 55637 | Depths:1 | Got Sif Muna's Almanac of Undead Lightning {god gift}
 55821 | Depths:1 | Found a one-way gate to the infinite horrors of the Abyss.
 55952 | Depths:1 | Found a runed translucent gate.
 55952 | Depths:1 | Found a runed translucent gate.
 55953 | Depths:1 | Noticed Gemnonof's ghost (adept DgCj)
 55954 | Depths:1 | Found an ancient bone altar of Kikubaaqudgha.
 55954 | Depths:1 | Found a runed translucent gate.
 55954 | Depths:1 | Noticed a dread lich
 55954 | Depths:1 | Noticed a dread lich
 55955 | Depths:1 | Noticed a dread lich
 56276 | Depths:1 | Found a one-way gate leading to the halls of Pandemonium.
 56360 | Depths:1 | Found a gateway to Hell.
 56963 | Depths:2 | Reached XP level 22. HP: 193/193 MP: 8/38
 58512 | Depths:2 | Noticed a golden dragon
 58518 | Depths:2 | Killed a golden dragon
 58521 | Depths:2 | Received a gift from Sif Muna
 58525 | Depths:2 | Got Sif Muna's Vellum of Bolts {god gift}
 59117 | Depths:3 | Learned a level 9 spell: Fire Storm
 59133 | Depths:3 | Identified the +5 mace of the Imbibing Oracle {flame,
                  | +Blink rC++}
 59312 | Depths:2 | Learned a level 7 spell: Orb of Destruction
 59920 | Depths:3 | Noticed an ancient lich
 60782 | Depths:3 | Killed an ancient lich
 61224 | Depths:3 | Found a runed translucent door.
 61225 | Depths:3 | Noticed cheesebisquit's ghost (veteran MiBe)
 61648 | Depths:3 | Got the Incunabulum of Left-Handed Ceremonies
 62151 | Elf:1    | Entered Level 1 of the Elven Halls
 62326 | Elf:1    | Received a gift from Sif Muna
 62327 | Elf:1    | Reached skill level 22 in Fire Magic
 62664 | Elf:1    | Reached XP level 23. HP: 203/203 MP: 33/40
 62767 | Elf:1    | Paralysed by an air elemental for 1 turns
 62955 | Elf:1    | Got Pafi's Almanac of Molten Hexing {god gift}
 63277 | Elf:1    | Found a runed translucent gate.
 63277 | Elf:1    | Found a runed translucent gate.
 63277 | Elf:1    | Found a runed translucent gate.
 63277 | Elf:1    | Found a runed translucent gate.
 63277 | Elf:1    | Found a runed translucent gate.
 63347 | Elf:1    | Found a runed translucent gate.
 63470 | Elf:1    | Found Keryc's Magic Scroll Boutique.
 63478 | Elf:1    | Bought a scroll of teleportation for 39 gold pieces
 63478 | Elf:1    | Bought a scroll of teleportation for 39 gold pieces
 63959 | Elf:2    | Learned a level 5 spell: Freezing Cloud
 63999 | Elf:2    | Paralysed by an air elemental for 1 turns
 64480 | Elf:2    | Found Muator's Magic Scroll Boutique.
 64501 | Elf:2    | Bought a scroll of teleportation for 42 gold pieces
 64501 | Elf:2    | Bought a scroll of enchant armour for 105 gold pieces
 64737 | Elf:2    | Found a runed translucent gate.
 64738 | Elf:2    | Found a runed translucent gate.
 64738 | Elf:2    | Found a runed translucent gate.
 65042 | Elf:3    | Entered Level 3 of the Elven Halls
 65274 | Elf:3    | Paralysed by an air elemental for 1 turns
 65470 | Elf:3    | Identified the +10 arbalest of Untruth {freeze, Str+3}
 65492 | Elf:3    | Received a gift from Sif Muna
 65626 | Elf:3    | Found Urraoca Pone's Weapon Shoppe.
 65718 | Elf:3    | Identified the +0 eveningstar "Qoymublokk" {vamp, Fragile
                  | rElec rPois Stlth+}
 65718 | Elf:3    | Identified the ring of the Harvest {EV+5 Int+2 Dex-5
                  | Slay+3}
 65768 | Elf:3    | Noticed Louise
 65781 | Elf:3    | Killed Louise
 66017 | Elf:3    | Identified the +2 glaive of the Beginning {vamp, rN+ Dex+3}
 66486 | Elf:3    | Identified the +11 demon trident of Massacring {pain, Will+
                  | rCorr Dex+7 Stlth-}
 66494 | Elf:3    | Identified the +5 chain mail "Munohes" {rElec rC- Regen+
                  | Dex+4}
 66993 | Elf:3    | Paralysed by an air elemental for 1 turns
 66996 | Elf:3    | Paralysed by an air elemental for 1 turns
 67276 | Elf:3    | Got the Writings on Ill-fated Open Graves
 67280 | Elf:3    | Got Gloorx Vloq's Cyclopedia of the Catacomb
 67498 | Elf:3    | Found Nuxueth's Antique Weapon Boutique.
 67693 | Orc:2    | Learned a level 5 spell: Arcjolt
 68836 | Snake:4  | Received a gift from Sif Muna
 69421 | Snake:4  | Got Sif Muna's Volume of Wild Refrigeration {god gift}
 69463 | Snake:4  | Got a serpentine rune of Zot
 70064 | Vaults:1 | Killed boo's ghost
 70287 | Vaults:1 | Bought a scroll of teleportation for 123 gold pieces
 70287 | Vaults:1 | Bought a scroll of teleportation for 123 gold pieces
 70289 | Vaults:1 | Bought a scroll of teleportation for 81 gold pieces
 70289 | Vaults:1 | Bought a pair of glowing boots for 202 gold pieces
 70548 | Vaults:4 | Killed a dread lich
 70888 | Vaults:5 | Reached XP level 24. HP: 180/216 MP: 33/41
 70889 | Vaults:5 | Reached skill level 15 in Shields
 71676 | Vaults:5 | Killed an ancient lich
 71861 | Vaults:5 | Noticed an ancient lich
 71871 | Vaults:5 | Killed from afar by an ancient lich

Illustrated notes

Levels and vault maps discovered:
D:1:      mushboom_english_gardens, layout_basic,
          shapermc_ecumenical_altar_notcrosses, minmay_worlds_worst_comb
D:2:      layout_loops_ring
D:3:      layout_basic, general_overflow_altar, serial_shops, shop
D:4:      minmay_chambers_of_twos, layout_rooms, mainiacjoe_overflow_24_doors,
          grunt_temple_overflow_open, minmay_temple_entry_large_hall,
          minmay_tree_intersection
D:5:      layout_basic, amcnicky_altar_gilded
D:6:      layout_basic, pdpol_wu_jian_five_deadly_venoms
D:7:      layout_rooms, nicolae_ossuary_entry_giza, enter_bailey_1,
          due_unseen_surprise, uniq_prince_ribbit1, uniq_menkaure
D:8:      layout_gridville, lemuel_mausoleum_altar_kikubaaqudgha, serial_shops,
          nicolae_shop_trees
D:9:      layout_grid_maze, erik_lair_orcish_takeover
D:10:     layout_basic, elyvilon_altar_1
D:11:     layout_basic, nicolae_diode_intersection
D:12:     layout_basic, orc_david_3, uniq_josephine
D:13:     layout_cave_pools, david_vaults_2
D:14:     layout_roguey, dreamdust_princess_corridor,
          ploomutoo_gammafunk_ghost_potion_laboratory
D:15:     grunt_enter_depths_snipers, layout_irregular_city, amethyst_killhole,
          serial_shops, bzr_in_the_mist
Temple:   jpeg_temple_clearing
Lair:1:   layout_cellular_growth, uniq_fannar, uniq_grum, uniq_erica
Lair:2:   layout_chaotic_city, minmay_shoals_entry_beasts, minmay_holes,
          lemuel_fruit_tree
Lair:3:   layout_cave_pods, minmay_snake_entry_six_corridors,
          portal_ice_cave_entry_imps
Lair:4:   layout_gridlike, special_room [special_room_bee],
          cheibrodos_lair_lostbears, serial_bayou_shore_a
Lair:5:   cheibrodos_lair_end_hotspot, layout_cellular_growth,
          minmay_slime_entry_oklob_enclosed, gauntlet_entry_generic,
          serial_forest, infiniplex_forest_straight_3,
          infiniplex_forest_lined_3, infiniplex_forest_lined_corner,
          infiniplex_forest_straight_2, infiniplex_forest_lined_1,
          infiniplex_forest_lined_room_, infiniplex_forest_clump_medium,
          infiniplex_forest_corner_2, infiniplex_forest_clump_medium
Shoals:1: layout_shoals, serial_shops, nicolae_shop_hallway_plus,
          nicolae_shoals_flooded_hall
Shoals:2: layout_shoals, nicolae_shoals_lost_giant_amphitheater
Shoals:3: layout_shoals, ebering_ghost_xom, uniq_polyphemus
Shoals:4: shoals_end_grunt_ice, layout_shoals, nicolae_shoals_loop_pool
Snake:1:  layout_misc_corridors, hangedman_feature_mirror,
          nicolae_snake_guarding_the_ruins, uniq_donald, uniq_frances,
          uniq_asterion
Snake:2:  layout_misc_corridors, serial_shops, shop, grunt_megastairs_2,
          uniq_vashnia
Snake:3:  onia_ninara_swampy_vault, layout_gridlike
Snake:4:  snake_pit_salamanders_mu, layout_cave_town, nicolae_snake_shapes,
          uniq_kirke
Orc:1:    layout_diamond_mine, gammafunk_ghost_arena, serial_shops, shop
Orc:2:    st_orc_ogre_mass, layout_caves, serial_shops, bzr_firewalk,
          uniq_erolcha, uniq_jorgrun, uniq_azrael
Elf:1:    elf_arrival_002, layout_loops_cross, serial_shops, shop, orc_legates
Elf:2:    nicolae_elf_blades_splatter_lattice [nicolae_blade_tridents],
          layout_geoelf_diagonals, serial_sigils, serial_sigils_hangedman_gut,
          serial_sigils_hangedman_writhe, serial_sigils_hangedman_snap,
          serial_sigils_hangedman_gut, serial_shops, shop, kb_rosetta
Elf:3:    minmay_elf_hall_furrowed, layout_loops_ring, serial_shops, shop, shop,
          hellmonk_bongcloud_opening, uniq_louise
Vaults:1: ebering_ghost_gozag, ontoclasm_vaults_shout, v_misc_23,
          layout_vaults_omnigrid, serial_shops, nicolae_lakefront_shop
Vaults:2: v_misc_8, nicolae_vaults_angled_halls, minmay_crypt_entry_necro_gods,
          nicolae_vaults_puzzle_piece, v_misc_13, ontoclasm_vaults_tryst,
          vaults_dpeg_hooks, v_misc_32, grunt_vaults_diagonal,
          hangedman_vaults_capsules, vaults_room_large_hall, v_misc_19,
          dpeg_vaults_monster_row, layout_vaults_omnicross, serial_shops,
          nicolae_shop_overgrown_old_shop, uniq_sojobo, uniq_mennas
Vaults:3: vaults_mumra_lcd, nicolae_vaults_network_quincunx
          [nicolae_vaults_network_quincunx_subvault,
          nicolae_vaults_network_quincunx_subvault,
          nicolae_vaults_network_quincunx_subvault,
          nicolae_vaults_network_quincunx_subvault,
          nicolae_vaults_network_quincunx_subvault], v_rooms_5,
          hangedman_vaults_impose, nicolae_vaults_little_squares_4, v_misc_12,
          vaults_room_pool, nicolae_vaults_sealed_display,
          layout_vaults_chaotic_city
Vaults:4: nicolae_vaults_disjoint_gnomons, hangedman_vaults_snaps,
          hangedman_vaults_pinch, nicolae_vaults_border_crossing,
          vaults_room_corners, nicolae_vaults_little_squares_2,
          st_quartered_hall, vaults_room_door_hall, vaults_room_hallway,
          nicolae_vaults_specimen_jars, layout_vaults_ring, enter_trove_0
Vaults:5: serial_shops, uniq_saint_roka
Depths:1: layout_cave_shapes, pf_hell_entry_tar_spiral, minmay_room_of_horrors,
          rand_demon_pan_entry_1, gammafunk_ghost_crypt, hex_tiny,
          kennysheep_four_rooms, firewood_loft, uniq_enchantress
Depths:2: minmay_the_grid_octo_2x2 [minmay_the_grid_octo_fan_narrow,
          minmay_the_grid_octo_horde, minmay_the_grid_octo_vomiting_pacman,
          minmay_the_grid_octo_prize_square_snowflake], layout_basic,
          hell_entry, grunt_pan_entry_in_and_out
Depths:3: minmay_curly_fans, layout_cave_pools, abyss_entry, grunt_hell_horde,
          special_room [special_room_morgue], ebering_ghost_inner_flame,
          minmay_staircase_windowed_large

Skill      XL: |  1  2  3  4  5  6  7  8  9 10 11 12 13 14 15 16 17 18 19 20 21 22 23 24 |
---------------+-------------------------------------------------------------------------+-----
Spellcasting   | 3 4 5 6 7 9 10 12 13 14 | 14.7
Conjurations   | 5 6 7 8 15 18 19 20 | 20.3
Fighting       | 3 5 7 9 10 11 12 13 14 15 16 17 | 17.9
Dodging        | 3 |  3.4
Staves         | 4 6 7 9 10 12 | 12.0
Evocations     | 4 6 7 9 10 12 | 12.0
Fire Magic     | 3 5 7 8 10 12 17 18 21 22 | 22.8
Shields        | 9 12 13 14 15 | 15.0
Invocations    | 2 9 |  9.0
Stealth        | |  1.7

Action                     |  1- 3 |  4- 6 |  7- 9 | 10-12 | 13-15 | 16-18 | 19-21 | 22-24 || total
---------------------------+-------+-------+-------+-------+-------+-------+-------+-------++-------
  Melee: Unarmed           |    17 |       |       |       |       |       |       |       ||    17
         Dagger            |    11 |     1 |       |       |       |       |       |       ||    12
         Tailslap          |     2 |       |    18 |    28 |    66 |    68 |    76 |    64 ||   322
         Hand axe          |       |    16 |    30 |       |       |       |       |       ||    46
         Punch             |       |     1 |     3 |     5 |     1 |       |       |       ||    10
         Staff             |       |       |    53 |   164 |   341 |   375 |   285 |   350 ||  1568
         Bite              |       |       |       |       |    31 |    69 |    57 |    62 ||   219
   Cast: Magic Dart        |    89 |    72 |     1 |       |       |       |       |       ||   162
         Searing Ray       |     5 |    16 |    55 |    27 |     2 |       |       |       ||   105
         Sticky Flame      |       |       |    22 |    70 |    83 |    84 |    23 |    38 ||   320
         Flame Wave        |       |       |       |    39 |   102 |    33 |     5 |       ||   179
         Fireball          |       |       |       |       |    23 |   145 |    72 |       ||   240
         Ignition          |       |       |       |       |     2 |     5 |    73 |    80 ||   160
         Starburst         |       |       |       |       |       |     7 |   150 |   175 ||   332
         Orb of Destructio |       |       |       |       |       |       |       |    69 ||    69
         Freezing Cloud    |       |       |       |       |       |       |       |     9 ||     9
         Arcjolt           |       |       |       |       |       |       |       |     2 ||     2
 Invoke: Channel Magic     |       |       |       |       |       |       |     6 |     8 ||    14
Ability: Breathe Acid      |       |       |    21 |    15 |    14 |    41 |     9 |    20 ||   120
  Evoke: Wand              |       |       |     1 |     3 |     7 |    12 |     9 |     4 ||    36
         Phial of floods   |       |       |       |     2 |     1 |     1 |     3 |     5 ||    12
         Phantom mirror    |       |       |       |       |     4 |     1 |     4 |     5 ||    14
         Lightning rod     |       |       |       |       |    10 |    15 |     1 |     7 ||    33
         Condenser vane    |       |       |       |       |       |       |     1 |     3 ||     4
         Box of beasts     |       |       |       |       |       |       |     3 |     8 ||    11
    Use: Potion            |       |       |     1 |     1 |       |     2 |     2 |     3 ||     9
         Scroll            |       |       |    11 |    14 |     9 |     6 |     8 |     8 ||    56
   Stab: Sleeping          |       |       |       |       |     1 |       |     1 |     4 ||     6
         Distracted        |       |       |       |       |       |     1 |     1 |     5 ||     7
 Armour: Skin              |    18 |    15 |    81 |   159 |   329 |   239 |   181 |   216 ||  1238
  Dodge: Dodged            |    45 |    29 |   123 |   314 |   469 |   198 |   157 |   179 ||  1514
  Block: Kite shield       |       |       |       |       |       |   272 |   257 |   309 ||   838

Table legend: (Time is in decaauts)
 A = Elapsed time spent in this place.
 B = Non-inter-level travel time spent in this place.
 C = Inter-level travel time spent in this place.
 D = Time resting spent in this place.
 E = Time spent auto-exploring this place.
 F = Levels seen in this place.
 G = Mean time per level.
                   A        B        C        D        E       F      G
               +--------+--------+--------+--------+--------+-----+--------+
         Total |  71995 |  67119 |   4876 |  12467 |  44670 |  47 | 1531.8 |
       Dungeon |  19407 |  18005 |   1402 |   1557 |  14009 |  15 | 1293.8 |
        Temple |    100 |     86 |     14 |      0 |     77 |   1 |  100.0 |
          Lair |   8511 |   7523 |    988 |    731 |   5714 |   5 | 1702.2 |
        Shoals |   6752 |   6389 |    363 |   1180 |   4224 |   4 | 1688.0 |
     Snake Pit |   9118 |   8720 |    398 |   2419 |   4874 |   4 | 2279.5 |
  Orcish Mines |   2263 |   1946 |    317 |    267 |   1346 |   2 | 1131.5 |
   Elven Halls |   5486 |   5263 |    223 |   1290 |   3134 |   3 | 1828.7 |
        Vaults |  11068 |  10052 |   1016 |   2200 |   6637 |   5 | 2213.6 |
        Depths |   6829 |   6676 |    153 |   2364 |   3290 |   3 | 2276.3 |
        Bazaar |    362 |    362 |      0 |      0 |    207 |   2 |  181.0 |
         Trove |     49 |     49 |      0 |      0 |      0 |   1 |   49.0 |
       Ossuary |    584 |    584 |      0 |    234 |    139 |   1 |  584.0 |
      Ice Cave |   1459 |   1459 |      0 |    224 |   1018 |   1 | 1459.0 |
               +--------+--------+--------+--------+--------+-----+--------+

Top non-repeatable levels by time:
Vaults:4: 4096 daAuts
 Snake:4: 3107 daAuts
Depths:2: 3103 daAuts
Shoals:4: 2674 daAuts
Vaults:2: 2484 daAuts
 Snake:1: 2423 daAuts
   Elf:3: 2386 daAuts
Vaults:1: 2318 daAuts
  Lair:5: 2251 daAuts
 Snake:3: 2244 daAuts
Depths:3: 2222 daAuts
    D:12: 2088 daAuts
Vaults:3: 2067 daAuts
     D:1: 1910 daAuts
  Lair:3: 1866 daAuts
